 Dungeon Crawl Stone Soup version 0.26-a0-227-g1af32d979d (webtiles) character file.

Game seed: 17178977882517802754

12 BeastOfSaturn the Grasshopper (level 2, 0/27 HPs)
             Began as a Naga Warper on July 7, 2020.
             Slain by a jackal (3 damage)
             ... on level 1 of the Dungeon.
             The game lasted 00:00:31 (36 turns).

BeastOfSaturn the Grasshopper (Naga Warper)           Turns: 36, Time: 00:00:31

Health: 0/27       AC:  2    Str: 13    XL:     2   Next: 33%
Magic:  5/5        EV:  9    Int: 13    God:
Gold:   0          SH:  0    Dex: 10    Spells: 5/5 levels left

rFire    . . .     SeeInvis +   a - +0 falchion
rCold    . . .     Faith    .   (no shield)
rNeg     . . .     Spirit   .   b - +0 leather armour
rPois    +         Reflect  .   (no helmet)
rElec    .         Harm     .   (no cloak)
rCorr    .                      (no gloves)
MR       .....                  (no barding)
Stlth    +.........             (no amulet)
HPRegen  0.09/turn              (no ring)
MPRegen  0.09/turn              (no ring)

@: very slow
A: large, see invisible, deformed body, poison resistance, slowness 2, slow
metabolism 1, spit poison 1, AC +0
a: Spit Poison


You were on level 1 of the Dungeon.
You were not hungry.

You visited 1 branch of the dungeon, and saw 1 of its levels.

Inventory:

Hand Weapons
 a - a +0 falchion (weapon)
Missiles
 e - 5 boomerangs of dispersal (quivered)
Armour
 b - a +0 leather armour (worn)
Scrolls
 d - a scroll of blinking
Comestibles
 f - a ration


   Skills:
 * Level 2.3 Fighting
 * Level 2.2 Long Blades
 - Level 0.8 Throwing
 - Level 0.7 Armour
 * Level 1.9 Dodging
 - Level 2.0 Spellcasting
   Level 3.0 Translocations


You had 5 spell levels left.
You didn't know any spells.
Your spell library contained the following spells:

 Spells                   Type           Power        Failure   Level
 Blink                    Tloc           N/A          14%         2
 Shroud of Golubria       Chrm/Tloc      #.....       26%         2
 Gell's Gravitas          Tloc           #.........   28%         3
 Lesser Beckoning         Tloc           #.........   28%         3
 Teleport Other           Tloc           #.......     28%         3
 Passage of Golubria      Tloc           N/A          67%         4


Dungeon Overview and Level Annotations

Branches:
Dungeon (1/15)

Altars:


Innate Abilities, Weirdness & Mutations

You cannot wear boots.
Your serpentine skin is tough. (AC +0)
You have supernaturally acute eyesight. (SInv)
Armour fits poorly on your strangely shaped body.
Your system is resistant to poisons. (rPois)
You cover ground very slowly.
You have a slow metabolism.
You can spit poison.


Message History

* * * LOW HITPOINT WARNING * * *
You closely miss the jackal. The jackal bites you.
* * * LOW HITPOINT WARNING * * *
You hit the jackal.
The jackal is severely wounded.
The jackal closely misses you.
You riposte.
You barely miss the jackal.
The jackal is severely wounded.
The jackal barely misses you.
You hit the jackal.
You kill the jackal!
The bat barely misses you. The bat closely misses you.
A jackal comes into view.
You barely miss the bat.
You have got your breath back.
The bat hits you but does no damage. The bat barely misses you.
You hit the bat.
You kill the bat!
The jackal bites you but does no damage.
The jackal bites you.
You die...

####+#### #.
##PP#.#PP## ..
##P≈≈#.#P.P## #.##
##P≈≈≈#.#PPPP##...
#P≈≈≈≈#.#....P#..#
#P≈≈≈≈#.#...PP#..###
#######.#######..(.#
+......<.....@h).#
#######.#######..#
#P.P..#.#≈≈≈≈P##.#
#PP...#.#≈≈≈≈P# ...
#PP.P#.#≈≈≈P## ##.
##P..#.#≈≈P## #
##PP#.#PP##
####+####


You could see a jackal.

Vanquished Creatures
  An ooze (D:1)
  2 bats (D:1)
  2 jackals (D:1)
  2 kobolds (D:1)
7 creatures vanquished.

Notes
Turn   | Place    | Note
-------+----------+-------------------------------------------
     0 | D:1      | BeastOfSaturn the Naga Warper began the quest for the Orb.
     0 | D:1      | Reached XP level 1. HP: 19/19 MP: 3/3
    27 | D:1      | Reached XP level 2. HP: 4/26 MP: 5/5
    36 | D:1      | Slain by a jackal

Illustrated notes

Levels and vault maps discovered:
D:1:      psy_arrival_terrarium, layout_basic, minmay_pentomino_z4

Action                   || total
-------------------------++-------
Melee: Falchion          ||    20
 Abil: Spit Poison       ||     1
Armor: Leather armour    ||     8
Dodge: Dodged            ||    17
       Rpst.: Falchion   ||     1

Table legend:
 A = Non-vault XP
 B = Vault XP
 C = Vault XP percentage of total XP
 D = Non-vault monster count
 E = Vault monster count
 F = Vault count percentage of total count
                 A         B        C        D         E       F
            +---------+---------+-------+---------+---------+-------
      Total |       8 |      10 |  55.6 |       4 |       3 |  42.9
            +---------+---------+-------+---------+---------+-------
        D:1 |       8 |      10 |  55.6 |       4 |       3 |  42.9
            +---------+---------+-------+---------+---------+-------
